 Dungeon Crawl Stone Soup version 0.27.1-34-g3ba077fa99 (webtiles) character file.

Game seed: 3745410120741963999

4858 alasdair19 the Carver (level 10, 0/86 HPs)
             Began as a Minotaur Fighter on Jan 23, 2022.
             Was an Elder of Okawaru.
             Slain by an orc warrior (15 damage)
             ... on level 8 of the Dungeon.
             The game lasted 00:25:50 (9816 turns).

alasdair19 the Carver (Minotaur Fighter)            Turns: 9816, Time: 00:25:50

Health: 0/86       AC: 24    Str: 23    XL:     10   Next: 25%
Magic:  11/11      EV:  6    Int:  6    God:    Okawaru [****..]
Gold:   156        SH: 12    Dex: 10    Spells: 9/9 levels left

rFire    + . .     SeeInvis .   e - +0 falchion
rCold    . . .     Faith    .   c - +0 kite shield
rNeg     . . .     Spirit   .   A - +0 plate armour
rPois    +         Reflect  .   (helmet restricted)
rElec    .         Harm     .   u - +2 cloak {rPois}
rCorr    .         Rampage  .   k - +0 pair of gloves
Will     .....                  g - +0 pair of boots
Stlth    ..........             (no amulet)
HPRegen  0.24/turn              h - +4 ring of protection
MPRegen  0.12/turn              r - ring of protection from fire

@: hasted, very quick
A: horns 2, retaliatory headbutt
a: Renounce Religion, Heroism


You were on level 8 of the Dungeon.
You worshipped Okawaru.
Okawaru was greatly pleased with you.
You visited 1 branch of the dungeon, and saw 8 of its levels.
You also visited: Sewer and Bailey.

You collected 393 gold pieces.
You spent 237 gold pieces at shops.

Inventory:

Hand Weapons
 d - a +0 long sword
 e - a +0 falchion (weapon)
 q - a +1 hunting sling
Missiles
 i - 33 sling bullets
Armour
 c - a +0 kite shield (worn)
 g - a +0 pair of boots (worn)
 k - a +0 pair of gloves (worn)
 l - a +0 chain mail
 u - a +2 cloak of poison resistance (worn)
 A - a +0 plate armour (worn)
Jewellery
 h - a +4 ring of protection (left hand)
 r - a ring of protection from fire (right hand)
 w - a +6 ring of strength
 C - a ring of positive energy
Wands
 t - a wand of charming (9)
 z - a wand of polymorph (11)
Scrolls
 f - 2 scrolls of silence {unknown}
 j - 2 scrolls of fog
 n - a scroll of vulnerability {unknown}
 o - a scroll of summoning
 p - a scroll of enchant weapon
 s - 2 scrolls of noise {unknown}
 v - a scroll of amnesia {unknown}
 x - a scroll of acquirement
 y - a scroll of teleportation
 B - a scroll of identify
Potions
 a - 3 potions of curing
 b - a potion of ambrosia
 m - 3 potions of flight


   Skills:
 + Level 7.6 Fighting
 + Level 10.0 Long Blades
 + Level 4.3 Slings
 + Level 8.8 Armour
 + Level 9.6 Shields
 * Level 3.7 Invocations


You had 9 spell levels left.
You didn't know any spells.
Your spell library contained the following spells:

 Spells                   Type           Power      Damage    Failure   Level
 Pain                     Necr           0%         1d4       100%        1
 Shock                    Conj/Air       0%         1d3       100%        1
 Sting                    Tmut/Pois      0%         1d3       100%        1
 Poisonous Vapours        Pois/Air       0%         N/A       100%        2
 Swiftness                Air            0%         N/A       100%        3
 Airstrike                Air            0%         N/A       100%        4
 Olgreb's Toxic Radiance  Pois           0%         N/A       100%        4
 Excruciating Wounds      Necr           0%         N/A       100%        5
 Haunt                    Necr/Summ      0%         N/A       100%        7
 Summon Hydra             Summ           0%         N/A       100%        7


Dungeon Overview and Level Annotations

Branches:
Dungeon (8/15)             Temple (0/1) D:7           Sewer (visited)
 Bailey (visited)
   Lair: D:8-11

Altars:
Cheibriados
Okawaru
The Shining One

Shops:
D:1 (   D:2 [


Innate Abilities, Weirdness & Mutations

You have a pair of horns on your head.
You reflexively headbutt those who attack you in melee.


Message History

You headbutt the orc warrior, but do no damage.
The orc knight roars a battlecry!
The orc warriors go into a battle-frenzy!
Your shield and plate armour prevent you from hitting the orc knight.
The orc warrior hits you from afar with a +0 trident!!
You block the orc warrior's attack.
The orc warrior hits you with a +0 trident!
You block the orc knight's attack.
You hit the orc knight but do no damage.
You barely miss the orc knight.
You headbutt the orc knight, but do no damage.
The orc warrior closely misses you.
The orc warrior hits you with a +0 glaive!
The orc warrior hits you but does no damage.
The orc knight hits you with a +0 glaive!
* * * LOW HITPOINT WARNING * * *
You block the orc warrior's attack.
The orc knight hits you from afar with a +0 glaive!
* * * LOW HITPOINT WARNING * * *
There is a gate leading back out of this place, spattered with blood here.
Welcome back to the Dungeon!
There is an empty arch of ancient stone here.
You hit the orc warrior.
You headbutt the orc warrior, but do no damage.
The orc warrior is lightly wounded.
You closely miss the orc warrior.
The orc warrior is lightly wounded.
The orc warrior hits you but does no damage.
You hit the orc warrior but do no damage.
Your headbutt misses the orc warrior.
The orc warrior is lightly wounded.
You hit the orc warrior. Your headbutt misses the orc warrior.
The orc warrior is moderately wounded.
You block the orc warrior's attack.
You barely miss the orc warrior.
The orc warrior is moderately wounded.
You closely miss the orc warrior.
The orc warrior is moderately wounded.
The orc warrior hits you with a +0 glaive!
You die...

,,,,,,* *,* ****,* ****,,* *)#
*,* #..# ####.##*** *,* #..#
#......,,** *,* #..###
#.....,,,,* *,* *.(..#
#.≈≈≈≈≈≈≈,* ***,* *#.#.#
##.≈#####≈.# *,,,*
#.#.###..≈#o..#≈.# #.#**
#####....##..≈..@.#≈.# #.#
)............)#...#≈.# #.######
####.......#.)#####≈.# #.......
#.........≈)≈≈≈≈≈.# #.......
#......##)........### #.......
##.....###..........###.......
#####.....###.##.................
..............######.#.###.....†.
#####.#.##..### #.#.# ##......


You could see an orc warrior (strong).

Vanquished Creatures
  A two-headed ogre (D:8)
  An ugly thing (D:8)
  Eustachio (D:6)
  2 water moccasins
  Duvessa (D:6)
  3 black bears
  9 orc warriors
  2 ice beasts
  2 necrophages
  2 ogres (D:5)
  2 centaurs
  A phantom (D:6)
  2 kobold brigands
  2 bullfrogs (D:6)
  4 scorpions
  Dowan (D:6)
  2 howler monkeys (D:8)
  A bullfrog zombie (D:6)
  2 hounds (D:5)
  A gnoll shaman (D:4)
  Crazy Yiuf (D:5)
  A centaur skeleton (D:5)
  2 orc priests
  A bullfrog skeleton (D:5)
  A jelly (D:7)
  3 iguanas
  6 orc wizards
  2 hound skeletons
  9 gnolls
  A howler monkey skeleton (D:6)
  4 adders
  2 river rats (Sewer)
  A white imp (D:6)
  An ufetubus (D:4)
  An adder skeleton (D:4)
  4 worms
  3 dart slugs
  51 orcs
  7 ball pythons
  9 endoplasms
  3 giant cockroaches
  11 goblins
  9 hobgoblins
  2 jackals (Sewer)
  5 quokkas
  3 bats
  A frilled lizard (D:1)
  16 kobolds
  6 rats
208 creatures vanquished.

Vanquished Creatures (others)
  4 plants
4 creatures vanquished.

Grand Total: 212 creatures vanquished

Notes
Turn   | Place    | Note
-------+----------+-------------------------------------------
     0 | D:1      | alasdair19 the Minotaur Fighter began the quest for the
                  | Orb.
     0 | D:1      | Reached XP level 1. HP: 19/19 MP: 0/0
   238 | D:1      | Reached XP level 2. HP: 22/27 MP: 1/1
   353 | D:1      | Found Danom's Weapon Shoppe.
   363 | D:1      | Bought a +0 hunting sling for 15 gold pieces
   903 | D:2      | Found Ridoxkor's Armour Shoppe.
   993 | D:2      | Reached XP level 3. HP: 20/33 MP: 2/2
  1115 | D:2      | Reached skill level 3 in Long Blades
  1444 | D:2      | Reached skill level 1 in Slings
  1730 | D:3      | Found a faded altar of an unknown god.
  1951 | D:3      | Found a glowing golden altar of the Shining One.
  1994 | D:3      | Reached XP level 4. HP: 38/40 MP: 3/3
  2041 | D:3      | Found an iron altar of Okawaru.
  2057 | D:3      | Became a worshipper of Warmaster Okawaru
  3093 | D:4      | Reached XP level 5. HP: 45/47 MP: 4/4
  3117 | D:4      | Reached skill level 4 in Long Blades
  3323 | D:4      | Reached * piety under Okawaru
  3324 | D:4      | Reached XP level 6. HP: 25/53 MP: 5/5
  3512 | D:4      | Got Sif Muna's Catalogue of Unholy Companions
  3562 | D:4      | You fall into a shaft and drop 2 floors!
  3574 | D:5      | Entered Level 5 of the Dungeon
  3577 | D:5      | Reached skill level 5 in Armour
  3584 | D:5      | Reached skill level 5 in Long Blades
  3586 | D:5      | Reached skill level 5 in Fighting
  3586 | D:5      | Reached skill level 5 in Shields
  3683 | D:5      | Found a glowing drain.
  3709 | Sewer    | Entered a sewer
  3716 | Sewer    | Reached XP level 7. HP: 59/61 MP: 6/6
  3831 | Sewer    | Found a white marble altar of Elyvilon.
  3900 | D:5      | Reached ** piety under Okawaru
  3901 | D:5      | Reached skill level 6 in Long Blades
  4106 | D:4      | Noticed a steam dragon
  4325 | D:5      | Reached XP level 8. HP: 62/69 MP: 7/7
  4569 | D:5      | Reached skill level 7 in Long Blades
  4665 | D:2      | Bought a +2 cloak of poison resistance for 222 gold pieces
  5179 | D:5      | Found a runed translucent door.
  5180 | D:5      | Noticed Crazy Yiuf
  5189 | D:5      | Killed Crazy Yiuf
  5569 | D:6      | Reached skill level 8 in Long Blades
  5584 | D:6      | Reached *** piety under Okawaru
  5835 | D:6      | Noticed Eustachio
  5854 | D:6      | Killed Eustachio
  5855 | D:6      | Reached XP level 9. HP: 65/77 MP: 8/8
  5939 | D:6      | Identified the +1 robe "Ydufem" {Dex+2}
  6519 | D:6      | Noticed Dowan
  6520 | D:6      | Noticed Duvessa
  6539 | D:6      | Killed Duvessa
  6543 | D:6      | Killed Dowan
  6544 | D:6      | Reached skill level 9 in Long Blades
  7219 | D:7      | Found a snail-covered altar of Cheibriados.
  7245 | D:7      | Found a staircase to the Ecumenical Temple.
  7311 | D:7      | Reached skill level 1 in Invocations
  8168 | D:8      | Noticed a two-headed ogre
  8179 | D:8      | Killed a two-headed ogre
  8179 | D:8      | Reached **** piety under Okawaru
  8264 | D:8      | Noticed a red ugly thing
  8284 | D:8      | Killed a red ugly thing
  8285 | D:8      | Reached XP level 10. HP: 19/86 MP: 11/11
  8303 | D:8      | Found a flagged portal.
  8527 | Bailey   | Entered a bailey
  8583 | Bailey   | Reached skill level 10 in Long Blades
  9738 | Bailey   | Received a gift from Okawaru
  9802 | Bailey   | Noticed an orc knight
  9816 | D:8      | Slain by an orc warrior

Illustrated notes

Levels and vault maps discovered:
D:1:      onia_arrival_mini_spirals, layout_loops_ring, serial_shops,
          nicolae_shop_behind_doors, serial_forest,
          infiniplex_forest_lined_room_2, infiniplex_forest_straight_2,
          infiniplex_forest_zigzag_2, infiniplex_forest_lined_room_2,
          infiniplex_forest_clump_double, infiniplex_forest_straight_2,
          infiniplex_forest_lined_corner, infiniplex_forest_clump_small,
          infiniplex_forest_lined_2, infiniplex_forest_lined_room_
D:2:      layout_loops_cross, serial_shops, shop
D:3:      layout_loops_ring, tso_metal_star, mainiacjoe_overflow_alcove_1,
          hellmonk_ecumenical_altar_slurped_away, serial_co_window_serial,
          co_window_paths_a, co_window_paths_a, co_window_paths_a,
          co_window_paths_a, co_window_of_opportunity_a, co_window_paths_a,
          co_window_unsneaky_path_e, co_window_corner_cb, co_window_broadway_a,
          co_window_corner_b, co_window_2corner, co_window_paths_c,
          glass_columns_a, glass_columns_a, glass_columns_a, glass_columns_a,
          serial_park_tiny_1, saegor_snake_ambush
D:4:      layout_basic, lightli_corner_chamber
D:5:      layout_rooms, serial_bayou, serial_bayou_crossing,
          serial_bayou_pond_c, serial_bayou_pond_b, serial_bayou_lake_a,
          cheibrodos_sewer_entry_sluice, nrook_uturn, uniq_crazy_yiuf_cottage
D:6:      layout_layer_cave, uniq_eustachio, uniq_duvessa
D:7:      layout_loops_ring, overflow_temple_1_default,
          minmay_temple_entry_drinking_statues, amcnicky_mini_corridor_feature
D:8:      layout_loops_ring, general_overflow_altar, enter_bailey_3,
          gammafunk_ghost_cemetery, minmay_chambers_of_fives

Skill      XL: |  1  2  3  4  5  6  7  8  9 10 |
---------------+-------------------------------+-----
Fighting       | 4 5 6 7 |  7.6
Armour         | 4 5 6 7 8 |  8.8
Long Blades    | 3 4 5 6 8 9 10 | 10.0
Shields        | 4 5 6 7 9 |  9.6
Slings         | 1 2 3 4 |  4.3
Invocations    | 3 |  3.7

Action                   |  1- 3 |  4- 6 |  7- 9 | 10-12 || total
-------------------------+-------+-------+-------+-------++-------
Melee: Long sword        |    82 |   111 |   229 |       ||   422
       Headbutt          |     8 |    29 |    85 |    16 ||   138
       Falchion          |       |       |   171 |    73 ||   244
 Fire: Hunting sling     |    25 |     5 |    19 |    66 ||   115
  Use: Scroll            |     6 |     2 |     5 |       ||    13
       Potion            |       |     1 |     1 |     1 ||     3
Armor: Scale mail        |     9 |       |       |       ||     9
       Chain mail        |    43 |   101 |   226 |       ||   370
       Plate armour      |       |       |    45 |    30 ||    75
Dodge: Dodged            |    16 |    31 |   103 |    22 ||   172
Block: Kite shield       |    29 |    81 |   258 |    85 ||   453
       Rpst.: Long sword |     5 |     3 |    12 |       ||    20
       Falchion          |       |       |    10 |     4 ||    14
